 Dungeon Crawl Stone Soup version 0.32-a0-953-g508020473e (webtiles) character file.

Game seed: 16144317280910044096

140 jasper the Poker (level 5, -6/41 HPs)
             Began as a Merfolk Fighter on Apr 16, 2024.
             Mangled by a gnoll
             ... wielding a +0 halberd
             ... led by a gnoll bouda
              (13 damage)
             ... on level 4 of the Dungeon.
             The game lasted 00:04:20 (2386 turns).

jasper the Poker (Merfolk Fighter)                  Turns: 2386, Time: 00:04:20

Health: -6/41      AC:  7    Str: 16    XL:     5   Next: 22%
Magic:  5/5        EV:  8    Int:  8    God:
Gold:   189        SH:  9    Dex: 15    Spells: 4/4 levels left

rFire   . . .        s - +1 trident
rCold   . . .        c - +0 buckler
rNeg    . . .        l - +0 ring mail
rPois   .            (no helmet)
rElec   .            (no cloak)
rCorr   .            (no gloves)
SInv    .            f - +1 pair of boots
Will    .....        r - amulet of reflection
Stlth   +            (no ring)
HPRegen 0.26/turn    (no ring)
MPRegen 0.09/turn

%: reflection
@: weakened
A: (nimble swimmer 2), mertail
a: no special abilities


You were on level 4 of the Dungeon.
You visited 1 branch of the dungeon, and saw 4 of its levels.

You collected 189 gold pieces.

Inventory:

Hand Weapons
 s - a +1 trident (weapon)
Missiles
 e - a boomerang (quivered)
 g - 57 stones
Armour
 b - a +0 scale mail
 c - a +0 buckler (worn)
 f - a +1 pair of boots (worn)
 l - a +0 ring mail (worn)
Jewellery
 d - an amulet of magic regeneration
 k - an amulet of the acrobat
 r - an amulet of reflection (around neck)
Wands
 x - a wand of paralysis (7)
Scrolls
 a - 2 scrolls of enchant weapon
 i - a scroll of silence
 j - a scroll of vulnerability
 t - 2 scrolls of teleportation
Potions
 m - a potion of brilliance
 n - a potion of magic
 o - a potion of degeneration {unknown}
 p - a potion of mutation {unknown}
 q - a potion of lignification {unknown}
 u - a potion of cancellation {unknown}
 v - 2 potions of curing {unknown}
 z - 2 potions of attraction {unknown}


   Skills:
 - Level 3.2 Fighting
 + Level 7.0 Polearms
 - Level 2.1 Armour
 - Level 3.0 Shields


You had 4 spell levels left.
You didn't know any spells.
Your spell library contained the following spells:

 Spells                   Type           Power      Damage    Failure   Level
 Ensorcelled Hibernation  Hex/Ice        0%         N/A       85%         2
 Static Discharge         Conj/Air       0%         3-3/arc   85%         2
 Call Canine Familiar     Summ           0%         N/A       97%         3
 Frozen Ramparts          Ice            0%         1d1       97%         3
 Ozocubu's Armour         Ice            0%         N/A       97%         3
 Passwall                 Erth           0%         N/A       97%         3
 Sigil of Binding         Hex            0%         N/A       97%         3
 Swiftness                Air            0%         N/A       97%         3
 Dimensional Bullseye     Hex/Tloc       0%         N/A       100%        4
 Summon Lightning Spire   Summ/Air       0%         N/A       100%        4
 Vhi's Electric Charge    Tloc/Air       0%         N/A       100%        4
 Metabolic Englaciation   Hex/Ice        0%         N/A       100%        5
 Lehudib's Crystal Spear  Conj/Erth      0%         10d2      100%        8


Dungeon Overview and Level Annotations

Branches:
Dungeon (4/15)
 Temple: D:4-7

Altars:
Qazlal
Xom


Innate Abilities, Weirdness & Mutations

((You are very nimble when in or above water. (Stealth+, EV+, Speed+++)))
Your lower body shifts to a powerful aquatic tail in water.


Message History

The hound is almost dead.
You block the hound's attack. You block the gnoll's attack.
The hound barely misses you.
You barely miss the hound.
The hound is almost dead.
The hound closely misses you. You block the gnoll's attack.
You hit the hound.
The hound is almost dead.
The hound completely misses you.
The gnoll hits you from afar with a +0 halberd.
The hound bites you but does no damage.
You take 6 damage, and have 23/35 hp.
You closely miss the hound.
The hound is almost dead.
The hound bites you. The gnoll barely misses you. The hound barely misses you.
You take 1 damage, and have 22/35 hp.
You miss the hound.
The hound is almost dead.
The gnoll closely misses you. The hound bites you.
You hit the hound.
You kill the hound!
The gnoll hits you from afar with a +0 halberd!
The gnoll hits you with a +0 club.
* * * LOW HITPOINT WARNING * * *
The gnoll bouda gazes fiercely through you!
You feel your attacks grow feeble.
The gnoll hits you from afar with a +0 halberd.
* * * LOW HITPOINT WARNING * * *
Your Polearms skill increases to level 7!
You have reached level 5!
You feel clever.
You take 15 damage, and have 7/41 hp.
MASSIVE DAMAGE!!
MP restored: 5
Aiming: Paralyse
Press: ? - help, Shift-Dir - straight line, f - gnoll
Aim: a gnoll, wielding a +0 club (covering ground quickly, chance to affect: 57%)
The gnoll resists with significant effort.
The gnoll is no longer moving quickly.
You block the gnoll's attack.
The gnoll hits you from afar with a +0 halberd!
You die...

..........
......... ## ..
...........#
#(##
...........##...
........#......
.
#.....$.#...##..
#.......#.....##
#>...g##.......
#g.#.gg@.$.#
#.....g##.......
......## .......
....... .......
....... >.....#
....... #.....#
....... .#.#..
#..# #####.


You could see a gnoll bouda and 3 gnolls.

Vanquished Creatures
  A bombardier beetle (D:3)
  A hound (D:4)
  An adder (D:3)
  2 dart slugs (D:1)
  2 ribbon worms
  An orc (D:3)
  5 endoplasms
  A giant cockroach (D:2)
  5 goblins
  7 hobgoblins
  A quokka (D:1)
  11 ball pythons
  8 bats
  2 frilled lizards (D:1)
  6 kobolds
  3 rats
57 creatures vanquished.

Notes
Turn   | Place    | Note
-------+----------+-------------------------------------------
     0 | D:1      | jasper the Merfolk Fighter began the quest for the Orb.
     0 | D:1      | Reached XP level 1. HP: 18/18 MP: 1/1
    67 | D:1      | Reached skill level 3 in Polearms
   129 | D:1      | Reached XP level 2. HP: 24/24 MP: 2/2
   306 | D:1      | Reached skill level 4 in Polearms
   721 | D:1      | Reached XP level 3. HP: 28/29 MP: 3/3
  1211 | D:2      | Got Luxzur's Cyclopedia of Clouds and Percussion
  1216 | D:2      | Found a shimmering altar of Xom.
  1240 | D:2      | Reached skill level 5 in Polearms
  1868 | D:3      | Reached XP level 4. HP: 35/35 MP: 4/4
  2064 | D:3      | Reached skill level 6 in Polearms
  2216 | D:3      | Found a stormy altar of Qazlal.
  2386 | D:4      | Reached skill level 7 in Polearms
  2386 | D:4      | Reached XP level 5. HP: 7/41 MP: 5/5
  2386 | D:4      | Mangled by a gnoll

Illustrated notes

Levels and vault maps discovered:
D:1:      roderic_octagonal_star, layout_loops_corners,
          chequers_serial_rivers_marsh
D:2:      layout_rooms, basic_altar, minmay_between
D:3:      layout_basic, lemuel_coloured_pillars_altar,
          minmay_randomly_rotated_circles
D:4:      layout_cave_pools

Skill      XL: |  1  2  3  4 |
---------------+-------------+-----
Polearms       | 3 4 5 7 |  7.0
Fighting       | |  3.2
Armour         | |  2.1
Shields        | |  3.0

Action                     |  1- 3 |  4- 6 || total
---------------------------+-------+-------++-------
  Melee: Trident           |   111 |    31 ||   142
  Throw: Boomerang         |    32 |     5 ||    37
  Evoke: Wand              |       |     1 ||     1
    Use: Scroll            |     4 |     5 ||     9
         Potion            |       |     1 ||     1
 Armour: Scale mail        |    40 |       ||    40
         Ring mail         |    12 |    28 ||    40
  Dodge: Dodged            |    23 |    11 ||    34
  Block: Buckler           |    30 |    18 ||    48

Table legend: (Time is in decaauts)
 A = Elapsed time spent in this place.
 B = Non-inter-level travel time spent in this place.
 C = Inter-level travel time spent in this place.
 D = Time resting spent in this place.
 E = Time spent auto-exploring this place.
 F = Levels seen in this place.
 G = Mean time per level.
                   A        B        C        D        E       F      G
               +--------+--------+--------+--------+--------+-----+--------+
         Total |   2410 |   2266 |    144 |      7 |   1798 |   4 |  602.5 |
       Dungeon |   2410 |   2266 |    144 |      7 |   1798 |   4 |  602.5 |
               +--------+--------+--------+--------+--------+-----+--------+

Top non-repeatable levels by time:
     D:1: 1186 daAuts
     D:3: 749 daAuts
     D:2: 459 daAuts
     D:4: 14 daAuts
